 Dungeon Crawl Stone Soup version 0.29-a0-577-gafbf2c5d25 (webtiles) character file.

Game seed: 14774820559832082235

5191 DocClef the Fighter (level 10, -3/69 (90) HPs)
             Began as a White Draconian Delver on June 13, 2022.
             Was an Elder of Hepliaklqana.
             Slain by an orc warrior
             ... wielding a +0 trident
              (7 damage)
             ... in a bailey.
             The game lasted 00:11:11 (7915 turns).

DocClef the Fighter (White Draconian Delver)        Turns: 7915, Time: 00:11:12

HP:   -3/69 (90)    AC: 19    Str: 20    XL:     10   Next: 34%
MP:   10/10         EV: 14    Int: 11    God:    Hepliaklqana [****..]
Gold: 340           SH:  6    Dex: 20    Spells: 9/9 levels left

rFire   . . .      SeeInvis .   h - +2 long sword (protect)
rCold   + . .      Faith    .   H - +0 buckler
rNeg    . . .      Spirit   .   (body armour unavailable)
rPois   .          Reflect  .   (helmet restricted)
rElec   .          Harm     .   I - +2 cloak
rCorr   .          Rampage  +   z - +0 pair of gloves of Limitation {Rampage +Inv Str+5 Dex+4}
Will    .....                   B - +0 pair of boots
Stlth   ++++......              (no amulet)
HPRegen 0.21/turn               (no ring)
MPRegen 0.12/turn               (no ring)

@: under a protective aura, heavily drained
A: reduced essence, breathe frost, AC +7, unfitting armour, cold resistance 1,
cold-blooded
a: Breathe Frost, Renounce Religion, Evoke Invisibility, Recall Ancestor,
Ancestor Identity, Transference, Idealise


You were in a bailey.
You worshipped Hepliaklqana.
Hepliaklqana was greatly pleased with you.
You visited 1 branch of the dungeon, and saw 9 of its levels.
You also visited: Bailey.

You collected 520 gold pieces.
You spent 180 gold pieces at shops.

Inventory:

Hand Weapons
 a - a +0 short sword
 h - a +2 long sword of protection (weapon)
Missiles
 t - 2 throwing nets (quivered)
Armour
 z - the +0 pair of gloves of Limitation (worn) {Rampage +Inv Str+5 Dex+4}
   (You found it on level 3 of the Dungeon)

   Str:       It affects your strength (+5).
   Dex:       It affects your dexterity (+4).
   +Inv:      It lets you turn invisible.
   Rampage:   It bestows one free step when moving towards enemies.
 B - a +0 pair of boots (worn)
 H - a +0 buckler (worn)
 I - a +2 cloak (worn)
Jewellery
 k - a ring of positive energy
 L - an amulet of reflection
Wands
 f - a wand of digging (9)
 l - a wand of paralysis (8)
 A - a wand of polymorph (5)
 K - a wand of acid (1)
Scrolls
 b - 2 scrolls of fog
 c - 3 scrolls of magic mapping
 d - a scroll of fear
 i - 3 scrolls of blinking {unknown}
 j - 3 scrolls of vulnerability {unknown}
 m - 6 scrolls of identify {unknown}
 p - 4 scrolls of enchant armour {unknown}
 r - 2 scrolls of noise {unknown}
 s - 2 scrolls of brand weapon {unknown}
 u - 3 scrolls of poison {unknown}
 v - a scroll of amnesia {unknown}
 w - a scroll of acquirement {unknown}
 y - 4 scrolls of teleportation
 C - a scroll of silence {unknown}
 D - 2 scrolls of summoning {unknown}
 F - a scroll of enchant weapon {unknown}
Potions
 e - 3 potions of haste
 g - 2 potions of invisibility
 n - 5 potions of heal wounds {unknown}
 o - a potion of flight {unknown}
 q - 6 potions of brilliance {unknown}
 x - 7 potions of curing {unknown}
 E - 2 potions of magic {unknown}
 G - 5 potions of mutation {unknown}
 J - 2 potions of cancellation {unknown}
 M - a potion of resistance {unknown}
 N - 2 potions of might {unknown}


   Skills:
 + Level 12.7 Fighting
 - Level 3.0(4.0) Short Blades
 - Level 4.1(4.6) Long Blades
 - Level 4.9 Dodging
 - Level 6.8 Stealth
 - Level 5.5 Shields


You had 9 spell levels left.
You didn't know any spells.
Your spell library contained the following spells:

 Spells                   Type           Power      Damage    Failure   Level
 Necrotize                Necr           0%         1d4       41%         1
 Poisonous Vapours        Pois/Air       0%         N/A       56%         2
 Portal Projectile        Hex/Tloc       0%         N/A       80%         3
 Tukima's Dance           Hex            0%         N/A       80%         3
 Vampiric Draining        Necr           0%         2d6       80%         3
 Corpse Rot               Necr/Pois/Air  0%         N/A       99%         4
 Agony                    Necr           0%         N/A       100%        5
 Blade Hands              Tmut           0%         N/A       100%        5


Dungeon Overview and Level Annotations

Branches:
Dungeon (9/15)             Temple (0/1) D:6          Bailey (1/1)
   Lair: D:8-11         Orc: D:9-12

Altars:
Hepliaklqana
Vehumet
Xom

Shops:
D:3 (   D:5 *[


Innate Abilities, Weirdness & Mutations

Your life essence is reduced to manifest your ancestor. (-10% HP)
You can breathe waves of freezing cold which knock back foes.
Your icy white scales are hard. (AC +7)
You cannot fit into any form of body armour.
Your flesh is cold resistant. (rC+)
You are cold-blooded and may be slowed by cold attacks.


Message History

An orc warrior breaks down the gate.
Things that are here:
a +0 war axe; an orc corpse
There is a broken gate here.
An orc warrior is nearby!
You flicker for a moment.
You start resting.
An orc warrior is nearby!
An orc warrior is nearby!
You rampage towards the orc warrior!
You hit the orc warrior.
Your weapon exudes an aura of protection.
The orc warrior is moderately wounded.
Your extra speed is starting to run out.
You flicker back into view.
The orc warrior shouts!
There is a broken gate here.
You hit the orc warrior but do no damage.
The orc warrior is moderately wounded.
The orc warrior misses you.
You hit the orc warrior but do no damage.
The orc warrior is moderately wounded.
The orc warrior closely misses you.
You barely miss the orc warrior.
The orc warrior is moderately wounded.
The orc warrior completely misses you.
You slash the orc warrior!
The orc warrior is heavily wounded.
The orc warrior hits you but does no damage.
You barely miss the orc warrior. You tail-slap the orc warrior.
The orc warrior is severely wounded.
You hit the orc warrior but do no damage.
You tail-slap the orc warrior.
The orc warrior is severely wounded.
The orc warrior hits you with a +0 trident.
* * * LOW HITPOINT WARNING * * *
You hit the orc warrior but do no damage.
The orc warrior is severely wounded.
You feel yourself slow down.
The orc warrior hits you with a +0 trident!
You die...

####### #######
##.....#########.....##
+.......#)....#.......###
+....#.)'.....'..)##..#..
+....).o')....'.)..8..'..
+....#.)@.....'..)##.)#..
+.......#.....#.))))..###
##.....#########.....##
####### #######


You could see an orc warrior.

Vanquished Creatures
  A two-headed ogre (D:7)
  An orc knight (Bailey)
  Sigmund (D:2)
  A water moccasin (D:7)
  3 orc warriors
  A sky beast (D:7)
  2 ice beasts
  4 ogres
  4 centaurs
  2 phantoms
  A bullfrog (D:6)
  2 necrophages
  3 scorpions
  9 killer bees
  2 howler monkeys
  A gnoll shaman (D:7)
  2 jellies
  3 iguanas
  2 orc wizards
  3 gnolls (D:7)
  8 adders
  A shadow imp (D:8)
  2 white imps
  2 ufetubi
  3 worms
  7 dart slugs
  24 orcs
  6 ball pythons
  5 bats
  7 endoplasms
  6 giant cockroaches
  18 goblins
  9 hobgoblins
  8 jackals (D:1)
  4 quokkas
  2 frilled lizards (D:1)
  3 kobolds
  4 rats
167 creatures vanquished.

Vanquished Creatures (collateral kills)
  A wyvern (D:6)
  A sky beast (D:8)
  A black bear (D:6)
  5 orc warriors (Bailey)
  A kobold brigand (D:6)
  A bullfrog (D:6)
  5 killer bees (D:8)
  A howler monkey (D:7)
  An orc wizard (D:5)
  7 orcs
  A bat (D:1)
  A giant cockroach (D:2)
  A goblin (D:1)
  A hobgoblin (D:1)
  2 kobolds (D:6)
30 creatures vanquished.

Vanquished Creatures (others)
  3 hexers
  An ancestor (D:5)
4 creatures vanquished.

Grand Total: 201 creatures vanquished

Notes
Turn   | Place    | Note
-------+----------+-------------------------------------------
     0 | D:5      | DocClef the Draconian Delver began the quest for the Orb.
     0 | D:5      | Reached XP level 1. HP: 19/19 MP: 1/1
    84 | D:5      | Noticed a phantom
   101 | D:5      | Reached XP level 2. HP: 22/26 MP: 2/2
   114 | D:5      | Killed a phantom
   115 | D:5      | Reached skill level 4 in Fighting
   115 | D:5      | Reached skill level 5 in Stealth
   115 | D:5      | Reached XP level 3. HP: 18/33 MP: 3/3
   115 | D:5      | Reached XP level 4. HP: 22/40 MP: 4/4
   252 | D:5      | Noticed an ogre
   681 | D:4      | Reached XP level 5. HP: 46/46 MP: 5/5
   747 | D:4      | Noticed an ogre
   762 | D:4      | Killed an ogre
   763 | D:4      | Reached skill level 1 in Long Blades
  1002 | D:4      | Noticed an ice beast
  1024 | D:4      | Killed an ice beast
  1025 | D:4      | Reached XP level 6. HP: 6/55 MP: 6/6
  1035 | D:4      | Reached skill level 5 in Fighting
  1643 | D:4      | Found a hazy altar of Hepliaklqana.
  1672 | D:4      | Became a worshipper of Hepliaklqana the Forgotten
  1764 | D:4      | Found a radiant altar of Vehumet.
  2046 | D:3      | Found Xauropye's Antique Weapon Shop.
  2112 | D:3      | Your scales start taking on an icy white colour.
  2112 | D:3      | Reached XP level 7. HP: 45/61 MP: 7/7
  2112 | D:3      | Gained mutation: Your flesh is cold resistant. (rC+) [White
                  | Draconian growth]
  2309 | D:3      | Identified the +0 pair of gloves of Limitation {Rampage
                  | +Inv Str+5 Dex+4}
  2752 | D:2      | Noticed Sigmund
  2760 | D:2      | Killed Sigmund
  2830 | D:2      | Identified the +2 leather armour of Submission {Dex+5}
  2942 | D:2      | Reached * piety under Hepliaklqana
  3961 | D:1      | Found a faded altar of an unknown god.
  4424 | D:5      | Reached skill level 6 in Fighting
  4424 | D:5      | Reached XP level 8. HP: 63/63 MP: 8/8
  4510 | D:5      | Found Othruc's Lightly-Used Armoury.
  4544 | D:5      | Reached ** piety under Hepliaklqana
  4553 | D:5      | Remembered your ancestor Ahhotep as a hexer
  4645 | D:5      | Found Veopiq's Antique Armour Emporium.
  4787 | D:5      | Bought a runed cloak for 180 gold pieces
  5060 | D:6      | Found a shimmering altar of Xom.
  5088 | D:6      | Reached skill level 5 in Shields
  5476 | D:6      | Found a staircase to the Ecumenical Temple.
  5686 | D:7      | Reached XP level 9. HP: 70/70 MP: 9/9
  5715 | D:7      | Reached skill level 7 in Fighting
  5887 | D:7      | Noticed a two-headed ogre
  5893 | D:7      | Killed a two-headed ogre
  5894 | D:7      | Reached skill level 9 in Fighting
  6218 | D:7      | Reached skill level 10 in Fighting
  6473 | D:7      | Reached *** piety under Hepliaklqana
  6624 | D:8      | Reached skill level 11 in Fighting
  6930 | D:8      | Reached XP level 10. HP: 86/86 MP: 10/10
  6984 | D:8      | Reached **** piety under Hepliaklqana
  7376 | D:9      | Found a flagged portal.
  7389 | Bailey   | Entered a bailey
  7639 | Bailey   | Reached skill level 12 in Fighting
  7837 | Bailey   | Noticed an orc knight
  7879 | Bailey   | Killed an orc knight
  7915 | Bailey   | Slain by an orc warrior

Illustrated notes

Levels and vault maps discovered:
D:1:      tarquinn_simple_flora_water_e, layout_rooms,
          hellmonk_ecumenical_altar_heavens_door
D:2:      layout_basic, st_stairs_2, uniq_sigmund
D:3:      layout_basic, serial_shops, nicolae_shop_overgrown_old_shop,
          minmay_ogre_servants
D:4:      layout_basic, mainiacjoe_overflow_six_doors_small,
          lemuel_coloured_pillars_altar, minmay_pentangle
D:5:      layout_basic, serial_shops, nicolae_shop_waterfront,
          grunt_ministairs_1, minmay_shop_damaged
D:6:      layout_loops_ring, kennysheep_little_box,
          minmay_temple_entry_butterflies
D:7:      layout_loops_corners, minmay_microvault
D:8:      layout_gridville
D:9:      wad_statue_garden, layout_cave_pools, marbit_many_paths,
          enter_bailey_3
Bailey:   bailey_polearm_5, bailey

Skill      XL: |  1  2  3  4  5  6  7  8  9 10 |
---------------+-------------------------------+-----
Dodging        | 2 3 4 |  4.9
Fighting       | 4 5 6 11 12 | 12.7
Stealth        | 5 6 |  6.8
Short Blades   | 3 |  3.0
Long Blades    | 1 2 3 4 |  4.1
Shields        | 5 |  5.5

Action                   |  1- 3 |  4- 6 |  7- 9 | 10-12 || total
-------------------------+-------+-------+-------+-------++-------
Melee: Short sword       |    11 |       |       |       ||    11
       Long sword        |    17 |   117 |   311 |    76 ||   521
       Tailslap          |     7 |    23 |    45 |     9 ||    84
       Punch             |       |     2 |     1 |       ||     3
Invok: Ancestor Life: He |       |       |     1 |       ||     1
 Abil: Breathe Frost     |       |       |       |     2 ||     2
       Evoke Invisibilit |       |       |       |     1 ||     1
  Use: Scroll            |       |     1 |       |     1 ||     2
       Potion            |       |       |       |     2 ||     2
 Stab: Sleeping          |       |    11 |    21 |       ||    32
       Distracted        |       |       |     3 |       ||     3
       Confused          |       |       |     8 |     2 ||    10
       Invisible         |       |       |       |     6 ||     6
Armor: Skin              |    12 |    42 |   107 |    29 ||   190
Dodge: Dodged            |    23 |    63 |   189 |    91 ||   366
Block: Buckler           |       |       |    58 |    39 ||    97

Table legend: (Time is in decaauts)
 A = Elapsed time spent in this place.
 B = Non-inter-level travel time spent in this place.
 C = Inter-level travel time spent in this place.
 D = Time resting spent in this place.
 E = Time spent auto-exploring this place.
 F = Levels seen in this place.
 G = Mean time per level.
                   A        B        C        D        E       F      G
               +--------+--------+--------+--------+--------+-----+--------+
         Total |   8018 |   7724 |    294 |    911 |   5419 |  10 |  801.8 |
       Dungeon |   7499 |   7205 |    294 |    595 |   5363 |   9 |  833.2 |
        Bailey |    518 |    518 |      0 |    316 |     56 |   1 |  518.0 |
               +--------+--------+--------+--------+--------+-----+--------+

Top non-repeatable levels by time:
     D:4: 1588 daAuts
     D:5: 950 daAuts
     D:7: 923 daAuts
     D:2: 903 daAuts
     D:6: 865 daAuts
     D:8: 817 daAuts
     D:3: 806 daAuts
     D:1: 622 daAuts
  Bailey: 518 daAuts
     D:9: 21 daAuts
